 Dungeon Crawl Stone Soup version 0.27-a0-1139-g28e009f8a6 (webtiles) character file.

Game seed: 5008198139607202520

496 Morbidden the Covered (level 7, -5/52 HPs)
             Began as a Djinni Fighter on May 7, 2021.
             Was an Initiate of Cheibriados.
             Slain by a wight
             ... wielding a +4 falchion
              (8 damage)
             ... on level 4 of the Dungeon.
             The game lasted 00:05:19 (5700 turns).

Morbidden the Covered (Djinni Fighter)              Turns: 5700, Time: 00:05:20

Health: -5/52      AC: 10    Str: 16    XL:     7   Next: 15%
Gold:   2          EV:  7    Int: 11    God:    Cheibriados [......] SH:  9 Dex: 15

rFire    + + .     SeeInvis .   a - +0 long sword
rCold    x . .     Faith    .   c - +0 kite shield
rNeg     . . .     Spirit   .   i - +0 scale mail
rPois    ∞         Reflect  .   (no helmet)
rElec    .         Harm     .   t - +0 cloak
rCorr    .         Rampage  .   (no gloves)
Will     +....     Clarity  +   (boots unavailable)
Stlth    ..........             (no amulet)
HPRegen  0.17/turn              g - ring of willpower
MPRegen  0.00/turn              (no ring)

@: flying, very slow
A: sickness immunity, fire resistance 2, cold vulnerability 1, float, innate
caster, hp casting, extra vitality 1, iridescent scales 1, agile 1, clarity,
weak 1
a: Renounce Religion, Bend Time


You were on level 4 of the Dungeon.
You worshipped Cheibriados.
Cheibriados was noncommittal.
You visited 2 branches of the dungeon, and saw 6 of its levels.

You collected 200 gold pieces.
You spent 198 gold pieces at shops.

Inventory:

Hand Weapons
 a - a +0 long sword (weapon)
 b - a +0 short sword of flaming
Missiles
 d - 12 poisoned darts (quivered)
Armour
 c - a +0 kite shield (worn)
 i - a +0 scale mail (worn)
 t - a +0 cloak (worn)
Jewellery
 g - a ring of willpower (left hand)
Scrolls
 e - 2 scrolls of immolation {unknown}
 f - 2 scrolls of vulnerability {unknown}
 h - a scroll of magic mapping {unknown}
 j - 3 scrolls of teleportation {unknown}
 k - a scroll of fear {unknown}
 l - 4 scrolls of enchant armour {unknown}
 m - a scroll of enchant weapon {unknown}
 n - 3 scrolls of identify {unknown}
 s - a scroll of silence {unknown}
Potions
 o - 3 potions of heal wounds
 p - 2 potions of curing
 q - 2 potions of lignification
 r - a potion of magic {unknown}


   Skills:
 * Level 4.1 Fighting
 + Level 1.8(2.7) Short Blades
 * Level 3.0(3.3) Long Blades
 + Level 4.7 Armour
 * Level 1.4 Dodging
 + Level 0.3 Stealth
 + Level 3.9 Shields
 * Level 1.6 Spellcasting
 * Level 0.4 Invocations


You had 4 spell levels left.
You knew the following spells:

 Your Spells              Type           Power      Damage    Failure   Level
a - Foxfire               Conj/Fire      16%        2x1d4     91%         1
b - Corpse Rot            Necr/Air       N/A        N/A       97%         2
c - Passwall              Tmut/Erth      3%         N/A       97%         2
Your spell library was empty.

Dungeon Overview and Level Annotations

Branches:
Dungeon (5/15)             Temple (1/1) D:4

Altars:
Cheibriados
Dithmenos
Elyvilon
Kikubaaqudgha
Qazlal
Sif Muna
Uskayaw
Vehumet
Xom
Yredelemnul
Zin

Shops:
D:4 !


Innate Abilities, Weirdness & Mutations

You are immune to sickness and miasma.
You are immune to poison.
Your flesh is very heat resistant. (rF++)
You are vulnerable to cold. (rC-)
You float through the air rather than walking.
You learn spells naturally, not from books.
Your magical power is your life essence.
You have superior vitality. (+4 HP)
You are partially covered in iridescent scales. (AC +2)
You are agile. (Dex +2)
You possess an exceptional clarity of mind.
You are weak. (Str -2)


Message History

A wight comes into view. It is wielding a +0 halberd.
A wight is nearby!
A wight is nearby!
A wight comes into view. It is wielding a +4 falchion.
The wight moves out of view.
A wight comes into view. It is wielding a +3 spear of freezing.
The wight hits you from afar with a +0 halberd!
The wight hits you from afar with a +0 halberd.
A wight comes into view. It is wielding a +5 morningstar.
You block the wight's attack.
Found 19 stones.
You hit the wight.
The wight is lightly damaged.
You block the wight's attack.
You hit the wight.
The wight is moderately damaged.
The wight hits you but does no damage.
The wight hits you from afar with a +3 spear of freezing.
The wight freezes you. You block the wight's attack.
You barely miss the wight.
The wight is moderately damaged.
The wight hits you but does no damage. The wight hits you with a +0 halberd!
The wight closely misses you.
A wight comes into view.
It is wielding a +3 dire flail of freezing.
Unknown command.
The wight hits you but does no damage. The wight hits you with a +4 falchion.
There is a stone staircase leading up here.
The wight hits you with a +4 falchion!
* * * LOW HITPOINT WARNING * * *
You fly upwards.
There is a stone staircase leading down here.
Unknown command.
Unknown command.
You barely miss the wight. The wight hits you with a +4 falchion!
* * * LOW HITPOINT WARNING * * *
The wight hits you with a +4 falchion.
* * * LOW HITPOINT WARNING * * *
You hit the wight but do no damage. The wight hits you with a +4 falchion!
You die...

..........#####.∩................
#...................###..........
.................#### ##.........
.....####........## #.........
.....# ###.......# #.........
.....# ##......# ##.........
.....# ##.....## #..........
.....## #...z..# ##<.........
......#### #.#.@#.###...........
#.######.# ###.#.#..............
.#.## #.# ##.#..#.#............
..#.## #.# ##.#.............####.
...#.###.###.#...##........## ##
....#.##.##.#......###....##
.....#.#.#.#.......# ####.#
......#.#.#......### ##..#
.......#.#.......# ####...##


You could see a wight.

Vanquished Creatures
  A necrophage (D:4)
  A scorpion (D:4)
  A centaur zombie (D:4)
  A centaur skeleton (D:2)
  A hound (D:4)
  A bullfrog skeleton (D:5)
  An iguana (D:4)
  Terence (D:2)
  Natasha (twice) (D:2)
  3 adders
  A white imp (D:5)
  An ufetubus (D:5)
  A worm (D:2)
  4 dart slugs
  2 orcs (D:3)
  5 bats
  5 endoplasms
  A giant cockroach (D:1)
  6 goblins
  9 hobgoblins
  8 jackals
  5 quokkas
  4 ball pythons
  9 kobolds
  9 rats
83 creatures vanquished.

Notes
Turn   | Place    | Note
-------+----------+-------------------------------------------
     0 | D:1      | Morbidden the Djinni Fighter began the quest for the Orb.
     0 | D:1      | Reached XP level 1. HP: 20/20 MP: 0/0
    25 | D:1      | Found a faded altar of an unknown god.
    35 | D:1      | Reached XP level 2. HP: 8/25 MP: 0/0
   743 | D:1      | Reached XP level 3. HP: 30/30 MP: 0/0
   743 | D:1      | Learned a level 1 spell: Foxfire
  1568 | D:2      | Reached XP level 4. HP: 20/35 MP: 0/0
  1779 | D:2      | Noticed Natasha
  1810 | D:2      | Killed Natasha
  2132 | D:2      | Noticed Terence
  2194 | D:2      | Killed Terence
  2195 | D:2      | Reached XP level 5. HP: 9/40 MP: 0/0
  2195 | D:2      | Learned a level 2 spell: Corpse Rot
  2710 | D:2      | Noticed Natasha
  2720 | D:2      | Killed Natasha
  2845 | D:3      | Reached skill level 1 in Short Blades
  3478 | D:4      | Gained mutation: You are weak. (Str -2) [potion of
                  | mutation]
  3478 | D:4      | Gained mutation: You are agile. (Dex +2) [potion of
                  | mutation]
  3478 | D:4      | Gained mutation: You possess an exceptional clarity of
                  | mind. [potion of mutation]
  3478 | D:4      | Gained mutation: You are partially covered in iridescent
                  | scales. (AC +2) [potion of mutation]
  3497 | D:4      | Reached skill level 1 in Dodging
  3497 | D:4      | Reached skill level 1 in Spellcasting
  3497 | D:4      | Reached XP level 6. HP: 4/46 MP: 0/0
  4157 | D:4      | Found a staircase to the Ecumenical Temple.
  4204 | D:4      | Noticed a necrophage
  4231 | D:4      | Killed a necrophage
  4337 | Temple   | Entered the Ecumenical Temple
  4362 | Temple   | Became a worshipper of Cheibriados the Contemplative
  4398 | D:4      | Reached XP level 7. HP: 16/51 MP: 0/0
  4398 | D:4      | Learned a level 2 spell: Passwall
  4806 | D:4      | Found Reifaet's Distillery.
  4814 | D:4      | Bought a potion of heal wounds for 55 gold pieces
  4814 | D:4      | Bought a potion of heal wounds for 55 gold pieces
  4814 | D:4      | Bought a potion of lignification for 33 gold pieces
  4814 | D:4      | Bought a potion of heal wounds for 55 gold pieces
  5364 | D:5      | Entered Level 5 of the Dungeon
  5700 | D:4      | Slain by a wight

Illustrated notes

Levels and vault maps discovered:
D:1:      dpeg_arrival_morbid_curiosity, layout_loops_ring,
          hellmonk_ecumenical_altar_arch_garden
D:2:      layout_basic, small_statue_intersection, uniq_natasha, uniq_terence
D:3:      layout_rooms
D:4:      wad_pebble_path, layout_layer_cave, minmay_temple_entry_sparse_star,
          serial_shops, shop
D:5:      layout_rooms, ebering_ghost_sewer_d, grunt_decor_junction,
          grunt_decor_arrowhead
Temple:   nicolae_temple_the_god_donut

Skill      XL: |  1  2  3  4  5  6  7 |
---------------+----------------------+-----
Long Blades    | 2 3 |  3.0
Armour         | 4 |  4.7
Short Blades   | 1 |  1.8
Dodging        | 1 |  1.4
Spellcasting   | 1 |  1.6
Fighting       | 4 |  4.1
Stealth        | |  0.3
Shields        | |  3.9
Invocations    | |  0.4

Action                   |  1- 3 |  4- 6 |  7- 9 || total
-------------------------+-------+-------+-------++-------
Melee: Long sword        |    55 |       |    20 ||    75
       Short sword       |    54 |   272 |    15 ||   341
Throw: Dart              |       |     1 |       ||     1
  Use: Potion            |       |     4 |       ||     4
Armor: Scale mail        |    62 |   120 |    40 ||   222
Dodge: Dodged            |    43 |    75 |    14 ||   132
Block: Kite shield       |    53 |   144 |    39 ||   236
       Rpst.: Long sword |     7 |       |     3 ||    10

Table legend: (Time is in decaauts)
 A = Elapsed time spent in this place.
 B = Non-inter-level travel time spent in this place.
 C = Inter-level travel time spent in this place.
 D = Time resting spent in this place.
 E = Time spent auto-exploring this place.
 F = Levels seen in this place.
 G = Mean time per level.
                   A        B        C        D        E       F      G
               +--------+--------+--------+--------+--------+-----+--------+
         Total |   6024 |   5767 |    257 |   1175 |   3688 |   6 | 1004.0 |
       Dungeon |   5981 |   5741 |    240 |   1175 |   3668 |   5 | 1196.2 |
        Temple |     43 |     27 |     16 |      0 |     20 |   1 |   43.0 |
               +--------+--------+--------+--------+--------+-----+--------+

Top non-repeatable levels by time:
     D:4: 2314 daAuts
     D:1: 1595 daAuts
     D:2: 1307 daAuts
     D:3: 647 daAuts
     D:5: 116 daAuts
  Temple: 43 daAuts
